 Dungeon Crawl Stone Soup version 0.29.1-15-g9cfb28693d (webtiles) character file.

Game seed: 17544230728089328583

2251 BlackCrag the Thaumaturge (level 9, -1/47 HPs)
             Began as a Deep Elf Earth Elementalist on Mar 10, 2023.
             Was a Follower of Vehumet.
             Slain by a gnoll
             ... wielding a +0 spear
             ... led by a gnoll sergeant
              (8 damage)
             ... on level 6 of the Dungeon.
             The game lasted 00:33:49 (7544 turns).

BlackCrag the Thaumaturge (DEEE)                    Turns: 7544, Time: 00:33:50

Health: -1/47      AC:  3    Str:  5    XL:     9   Next: 15%
Magic:  2/25       EV: 13    Int: 25    God:    Vehumet [*.....]
Gold:   430        SH:  0    Dex: 15    Spells: 19/29 levels left

rFire   + . .      SeeInvis .   q - +3 dagger (elec)
rCold   . . .      Faith    .   (no shield)
rNeg    . . .      Spirit   .   a - +0 robe
rPois   .          Reflect  .   (no helmet)
rElec   .          Harm     .   o - +0 cloak
rCorr   .          Rampage  .   (no gloves)
Will    .....                   (no boots)
Stlth   ++........              (no amulet)
HPRegen 0.15/turn               x - ring of protection from fire
MPRegen 0.19/turn               (no ring)

@: mighty, lethally poisoned (-1 -> -5), studying Fighting
A: no striking features
a: Renounce Religion


You were on level 6 of the Dungeon.
You worshipped Vehumet.
Vehumet was aware of your devotion.
You visited 2 branches of the dungeon, and saw 7 of its levels.
You also visited: Ossuary.

You collected 430 gold pieces.

Inventory:

Hand Weapons
 q - a +3 dagger of electrocution (weapon)
Armour
 a - a +0 robe (worn)
 o - a +0 cloak (worn)
Jewellery
 x - a ring of protection from fire (left hand)
Wands
 b - a wand of light (10)
Scrolls
 c - a scroll of immolation
 d - a scroll of poison {unknown}
 g - a scroll of enchant weapon {unknown}
 j - a scroll of butterflies
 k - a scroll of summoning
 l - 2 scrolls of fear
 p - a scroll of torment
 r - a scroll of blinking
 t - 2 scrolls of teleportation {unknown}
 w - a scroll of brand weapon {unknown}
 y - a scroll of amnesia {unknown}
Potions
 e - 2 potions of haste
 f - 3 potions of might
 h - 2 potions of mutation
 i - a potion of cancellation
 m - a potion of ambrosia {unknown}
 n - 2 potions of brilliance
 s - a potion of curing {unknown}
 u - 2 potions of heal wounds {unknown}
 v - a potion of lignification {unknown}


   Skills:
 + Level 1.1 Fighting
 + Level 3.1 Dodging
 + Level 3.4 Stealth
 * Level 10.6 Spellcasting
 * Level 5.0 Conjurations
 + Level 2.1 Transmutations
 * Level 8.6 Earth Magic


You had 19 spell levels left.
You knew the following spells:

 Your Spells              Type           Power      Damage    Failure   Level
a - Sandblast             Erth           100%       2d20      1%          1
b - Passwall              Tmut/Erth      33%        N/A       1%          2
c - Stone Arrow           Conj/Erth      94%        3d12      1%          3
d - Petrify               Tmut/Erth      40%        N/A       4%          4

Your spell library contained the following spells:

 Spells                   Type           Power      Damage    Failure   Level
 Freeze                   Ice            52%        1d7       4%          1
 Apportation              Tloc           26%        N/A       4%          1
 Necrotise                Necr           52%        1d6       4%          1
 Summon Small Mammal      Summ           52%        N/A       4%          1
 Gell's Gravitas          Tloc           13%        N/A       14%         3
 Lesser Beckoning         Tloc           13%        N/A       14%         3
 Teleport Other           Tloc           13%        N/A       14%         3
 Dispersal                Tloc           6%         N/A       100%        6


Dungeon Overview and Level Annotations

Branches:
Dungeon (6/15)             Temple (1/1) D:5         Ossuary (visited)

Altars:
Cheibriados
Dithmenos
Elyvilon
Fedhas
Hepliaklqana
Kikubaaqudgha
Makhleb
Nemelex Xobeh
Okawaru
Qazlal
Ru
Sif Muna
Uskayaw
Vehumet
Wu Jian
Yredelemnul
Zin
The Shining One


Message History

Press: ? - help, Q - select action, (/) - cycle Shift-Dir - straight line, f/p - water moccasin
Aim: a water moccasin (moderately wounded, 60% to hit)
The stone arrow misses the water moccasin.
The water moccasin bites you! The gnoll hits you but does no damage.
The water moccasin misses you. x2
Aiming: Stone Arrow (safe; 1% risk of failure)
Press: ? - help, Q - select action, (/) - cycle Shift-Dir - straight line, f/p - water moccasin
Aim: a water moccasin (moderately wounded, 60% to hit)
The stone arrow hits the water moccasin!
The water moccasin is severely wounded.
The gnoll hits you from afar with a +0 spear.
The water moccasin bites you!
You are poisoned.
The water moccasin poisons you!
Aiming: Stone Arrow (safe; 1% risk of failure)
Press: ? - help, Q - select action, (/) - cycle Shift-Dir - straight line, f/p - water moccasin
Aim: a water moccasin (severely wounded, 60% to hit)
The stone arrow hits the water moccasin!!
You kill the water moccasin!
Vehumet accepts your kill.
You feel very sick. The gnoll barely misses you.
Your Conjurations skill increases to level 5!
You don't have enough magic to cast this spell.
Casting: Stone Arrow (safe; 1% risk of failure)
Confirm with . or Enter, or press ? or * to list all spells.
Aiming: Sandblast (safe; 1% risk of failure)
Press: ? - help, Shift-Dir - straight line, f - gnoll
Aim: a gnoll, wielding a +0 spear (87% to hit)
The blast of sand hits the gnoll.
The gnoll is moderately wounded.
You feel very sick.
The gnoll hits you from afar with a +0 spear. x2
* * * LOW HITPOINT WARNING * * *
You feel very mighty all of a sudden.
You feel sick.
The gnoll hits you from afar with a +0 spear.
* * * LOW HITPOINT WARNING * * *
You feel sick. The gnoll hits you with a +0 spear!
You die...

###########..#
#........##..#
.............#
..######.....### ..#
#....[).# ..# #...##..#
..## ##...##..###
#..####....##..g.#####
#...##..........@....####
#...............†........
................>.....###
...####..........)....#
...# ##..............#
...# #..............#
#..# #..............#
##.# ..............# ..
.............#


You could see a gnoll.

Vanquished Creatures
  A wyvern (D:5)
  Eustachio (D:3)
  A water moccasin (D:6)
  2 ice beasts
  2 ogres (D:5)
  2 centaurs
  2 elf zombies (Ossuary)
  Blork the orc (D:6)
  A necrophage (D:5)
  2 gnoll sergeants
  6 killer bees (D:5)
  A howler monkey (D:6)
  2 human zombies (Ossuary)
  A hound (D:6)
  A centaur zombie (Ossuary)
  3 jellies
  2 orc priests (D:5)
  An iguana (D:4)
  4 mummies
  10 adders
  8 gnolls
  A shadow imp (D:5)
  A white imp (D:6)
  2 adder zombies (Ossuary)
  4 worms
  3 dart slugs (D:2)
  5 orcs
  7 ball pythons
  7 endoplasms
  5 giant cockroaches
  8 goblins
  10 hobgoblins
  5 jackals
  3 kobolds
  A quokka (D:3)
  8 bats
  2 frilled lizards
  5 goblin zombies
  3 hobgoblin zombies (Ossuary)
  4 jackal zombies (Ossuary)
  4 kobold zombies (Ossuary)
  3 orc zombies (Ossuary)
  4 quokka zombies (Ossuary)
  6 rats
  5 rat zombies (Ossuary)
160 creatures vanquished.

Vanquished Creatures (others)
  21 plants
21 creatures vanquished.

Grand Total: 181 creatures vanquished

Notes
Turn   | Place    | Note
-------+----------+-------------------------------------------
     0 | D:1      | BlackCrag the Deep Elf Earth Elementalist began the quest
                  | for the Orb.
     0 | D:1      | Reached XP level 1. HP: 10/10 MP: 6/6
   228 | D:1      | Reached XP level 2. HP: 15/15 MP: 5/8
   264 | D:1      | Learned a level 2 spell: Passwall
   305 | D:1      | Found a faded altar of an unknown god.
   729 | D:2      | Reached XP level 3. HP: 15/19 MP: 5/10
   859 | D:2      | Reached skill level 4 in Spellcasting
   942 | D:2      | Identified the +6 hand axe "Bagocka" {freeze, Drain rF- rC+
                  | Dex+3}
  1425 | D:2      | Reached XP level 4. HP: 24/24 MP: 9/12
  1429 | D:2      | Learned a level 3 spell: Stone Arrow
  1434 | D:2      | Learned a level 4 spell: Petrify
  1806 | D:3      | Found a white marble altar of Elyvilon.
  2138 | D:3      | Reached skill level 5 in Earth Magic
  3322 | D:4      | Reached XP level 5. HP: 28/28 MP: 12/14
  3365 | D:4      | Noticed Eustachio
  3521 | D:3      | Killed Eustachio
  3522 | D:3      | Reached skill level 5 in Spellcasting
  3522 | D:3      | Reached skill level 1 in Conjurations
  3522 | D:3      | Reached XP level 6. HP: 24/33 MP: 11/16
  3848 | D:4      | Reached skill level 6 in Spellcasting
  4208 | D:4      | Found a burning altar of Makhleb.
  4320 | D:5      | Entered Level 5 of the Dungeon
  4517 | D:5      | Reached XP level 7. HP: 37/37 MP: 5/19
  4700 | D:5      | Reached skill level 7 in Spellcasting
  4984 | D:5      | Reached skill level 8 in Spellcasting
  5209 | D:5      | Reached XP level 8. HP: 31/42 MP: 5/22
  5405 | D:5      | Reached skill level 1 in Fighting
  5405 | D:5      | Reached skill level 9 in Spellcasting
  5659 | D:5      | Found a staircase to the Ecumenical Temple.
  5670 | Temple   | Entered the Ecumenical Temple
  5777 | Temple   | Became a worshipper of Vehumet
  6040 | D:6      | Noticed Blork the orc
  6042 | D:6      | Killed Blork the orc
  6115 | D:6      | Found a sand-covered staircase.
  6120 | Ossuary  | Entered an ossuary
  6618 | Ossuary  | Reached * piety under Vehumet
  6618 | Ossuary  | Offered knowledge of Freeze by Vehumet.
  6619 | Ossuary  | Reached skill level 10 in Spellcasting
  7107 | D:6      | Reached XP level 9. HP: 47/47 MP: 23/25
  7542 | D:6      | Reached skill level 5 in Conjurations
  7544 | D:6      | Slain by a gnoll

Illustrated notes

Levels and vault maps discovered:
D:1:      dpeg_arrival_water_fire, layout_rooms,
          shapermc_ecumenical_altar_mp_highgroup
D:2:      layout_loops_cross, minmay_bisected
D:3:      layout_basic, elyvilon_altar_3, minmay_starry_boxes
D:4:      layout_gridville, mainiacjoe_overflow_alcove_2, uniq_eustachio
D:5:      layout_basic, minmay_temple_entry_overgrown,
          minmay_misc_feat_nine_boxes
D:6:      kennysheep_housing_project, layout_basic, serial_shops,
          nicolae_shop_trees, nicolae_ossuary_entry_giza,
          hangedman_decor_growths, minmay_misc_feat_diagonals,
          chequers_serial_rivers_small_3, uniq_blork_the_orc
Temple:   kb_temple_of_zot

Skill      XL: |  1  2  3  4  5  6  7  8  9 |
---------------+----------------------------+-----
Earth Magic    | 4 5 6 7 8 |  8.6
Spellcasting   | 4 5 6 8 10 | 10.6
Conjurations   | 1 2 3 4 5 |  5.0
Dodging        | 3 |  3.1
Stealth        | 3 |  3.4
Fighting       | 1 |  1.1
Transmutations | 2 |  2.1

Action                   |  1- 3 |  4- 6 |  7- 9 || total
-------------------------+-------+-------+-------++-------
 Cast: Sandblast         |    48 |    39 |    35 ||   122
       Passwall          |     4 |    12 |     5 ||    21
       Stone Arrow       |       |    28 |    92 ||   120
       Petrify           |       |       |     2 ||     2
  Use: Scroll            |       |     6 |     7 ||    13
       Potion            |       |     1 |     1 ||     2
Armor: Robe              |       |    10 |     6 ||    16
Dodge: Dodged            |     7 |    40 |    17 ||    64
